Map: [ESL] Alcyone

Players

ONSYDESolar (Solar) - Winner!

  • Race: Zerg Zerg
  • League: Master
  • Spawn Location: 7:00

GuMiho

  • Race: Terran Terran
  • Spawn Location: 1:00

VOD

Have the link to the VOD?

Description

Time

  • Played on: Dec. 29, 2023, 7:11 a.m.
  • Length: 15:51
Show
View Real Time Build Order
Export as new Build Order

ONSYDESolar Zerg - Winner!

Build Orders: Hatch First, Lurkers 

Get SALT Encoding   

  12  0:00  Drone  
  13  0:12  Overlord  
  13  0:17  Drone  
  14  0:30  Drone x2  
  16  0:49  Hatchery  
  15  0:52  Drone  
  15  0:54  Drone  
  15  0:57  Drone  
  18  1:08  Extractor  
  17  1:12  Spawning Pool  
  17  1:15  Drone  
  17  1:18  Drone  
  18  1:28  Drone  
  19  1:38  Drone  
  20  1:50  Drone  
  21  2:01  Queen x2  
  21  2:02  Zergling x4  
  27  2:13  Zergling x2, Metabolic Boost  
  27  2:14  Overlord  
  28  2:35  Hatchery, Drone  
  28  2:37  Drone  
  28  2:39  Drone  
  28  2:43  Queen  
  32  2:47  Overlord  
  32  2:52  Overlord  
  32  3:05  Drone  
  32  3:06  Drone x3  
  36  3:14  Spore Crawler  
  36  3:18  Drone x5  
  40  3:23  Queen  
  40  3:26  Overlord  
  42  3:28  Drone  
  43  3:35  Drone  
  44  3:44  Queen, Overlord  
  45  3:50  Drone x5  
  45  3:53  Drone x3  
  52  3:57  Drone  
  52  3:58  Drone  
  52  4:02  Queen  
  55  4:07  Zergling x4  
  55  4:08  Zergling x2  
  58  4:12  Drone  
  59  4:18  Overlord  
  59  4:20  Zergling x2  
  59  4:22  Evolution Chamber  
  59  4:27  Drone  
  59  4:28  Drone x4  
  59  4:29  Drone  
  62  4:32  Queen  
  62  4:33  Drone  
  62  4:38  Spore Crawler, Overlord  
  65  4:42  Queen  
  67  4:45  Drone  
  67  4:46  Spore Crawler  
  67  4:48  Drone x2  
  67  4:51  Drone x2  
  71  4:53  Extractor  
  71  4:54  Drone x2  
  71  4:57  Drone  
  71  4:59  Spore Crawler  
  72  5:01  Zergling x2  
  72  5:02  Drone x3  
  72  5:05  Overlord  
  76  5:09  Zergling x4  
  76  5:10  Drone  
  76  5:12  Drone x3  
  82  5:19  Evolution Chamber x2  
  82  5:20  Overlord  
  80  5:22  Drone  
  80  5:23  Queen  
  80  5:24  Drone  
  80  5:25  Drone x2  
  85  5:32  Zergling x4  
  85  5:34  Hatchery  
  86  5:37  Extractor  
  86  5:38  Zergling x2  
  86  5:43  Extractor  
  86  5:46  Zerg Melee Weapons Level 1, Zerg Ground Armor Level 1  
  86  5:47  Drone x6  
  91  5:50  Zergling x2  
  91  5:51  Zergling x4  
  91  5:53  Lair  
  94  5:59  Overlord  
  94  6:01  Zergling x2  
  94  6:02  Zergling x6, Baneling Nest  
  97  6:06  Zergling x2  
  97  6:10  Overlord  
  97  6:11  Overlord  
  97  6:13  Overlord  
  98  6:18  Zergling x6  
  98  6:21  Drone  
  98  6:24  Drone  
  98  6:25  Zergling x2  
  103  6:31  Zergling x10  
  103  6:32  Zergling x4  
  110  6:35  Zergling x2  
  110  6:37  Overlord  
  111  6:44  Zergling x2  
  111  6:45  Baneling  
  111  6:46  Baneling x8  
  111  6:47  Zergling x8  
  116  6:48  Queen  
  116  6:52  Centrifugal Hooks  
  114  6:54  Drone x2  
  114  6:57  Drone  
  114  6:59  Drone x2  
  114  7:01  Drone  
  120  7:07  Drone  
  120  7:08  Drone x6  
  117  7:11  Drone  
  112  7:16  Drone  
  112  7:17  Extractor  
  112  7:20  Drone x3  
  115  7:23  Hydralisk Den  
  115  7:27  Drone x4  
  115  7:28  Extractor  
  117  7:32  Zergling x6  
  117  7:36  Zergling x2  
  121  7:40  Overlord  
  121  7:42  Zergling x2  
  121  7:43  Zergling x2  
  121  7:44  Overseer  
  123  7:45  Baneling x3, Zerg Melee Weapons Level 2, Zerg Ground Armor Level 2  
  123  7:47  Zergling x12  
  123  7:50  Hatchery  
  128  7:52  Zergling x2  
  128  7:53  Zergling x10  
  128  7:56  Grooved Spines  
  134  7:58  Zergling x2  
  134  7:59  Zergling x6  
  134  8:00  Baneling x6  
  134  8:01  Baneling x6  
  134  8:03  Zergling x2  
  134  8:04  Overlord  
  139  8:08  Drone x2  
  141  8:13  Zergling x6  
  141  8:16  Drone x4, Extractor  
  141  8:17  Hydralisk x2  
  141  8:18  Infestation Pit, Hydralisk  
  152  8:20  Overlord x2  
  152  8:23  Hydralisk  
  154  8:31  Zergling x8  
  158  8:35  Zergling x4  
  158  8:39  Zergling x8  
  164  8:45  Zergling x14  
  171  8:51  Hydralisk x2  
  171  8:54  Overlord x2  
  171  8:55  Muscular Augments  
  175  8:56  Hive  
  175  8:58  Drone  
  174  9:05  Zergling x10  
  174  9:07  Hatchery  
  178  9:10  Hydralisk  
  178  9:12  Zergling x10  
  178  9:14  Zergling x10  
  190  9:22  Zergling x14  
  197  9:29  Drone, Overlord  
  197  9:30  Lurker Den  
  197  9:32  Overlord  
  197  9:34  Drone  
  195  9:43  Baneling x4  
  195  9:44  Baneling x2  
  195  9:45  Baneling x8  
  195  9:48  Hydralisk x2  
  199  10:02  Drone x2  
  199  10:03  Zerg Missile Weapons Level 1  
  197  10:11  Viper x2  
  186  10:15  Zergling x28  
  186  10:18  Pneumatized Carapace  
  196  10:21  Zergling x6  
  196  10:24  Adrenal Glands  
  199  10:36  Hatchery  
  199  10:38  Drone x2  
  199  10:42  Hatchery, Seismic Spines  
  199  10:45  Zerg Ground Armor Level 3  
  199  10:46  Drone  
  197  11:06  Zergling x2  
  197  11:07  Zergling x2  
  198  11:13  Drone  
  198  11:14  Drone x2  
  199  11:37  Overseer  
  199  11:38  Overseer, Nydus Network  
  197  11:40  Adaptive Talons  
  197  11:41  Zergling x6  
  200  11:53  Hatchery  
  190  11:57  Zerg Melee Weapons Level 3  
  190  11:59  Zergling x2  
  190  12:00  Zergling x44  
  193  12:02  Zergling x18  
  193  12:03  Zergling x6  
  196  12:08  Drone  
  196  12:10  Lurker x4  
  196  12:13  Baneling x2  
  196  12:14  Baneling x6  
  200  12:28  Nydus Canal  
  185  12:45  Hydralisk x3  
  185  12:46  Zergling x24  
  185  12:48  Zergling x2  
  185  12:49  Nydus Canal  
  200  12:57  Zergling x20  
  200  12:58  Zergling x4  
  195  13:02  Zergling x6  
  168  13:07  Hydralisk  
  168  13:08  Zergling x2, Hydralisk x2  
  168  13:09  Zergling x10  
  168  13:11  Overseer  
  176  13:13  Zergling x2  
  176  13:14  Zergling x2  
  178  13:20  Baneling  
  178  13:21  Zerg Missile Weapons Level 2, Baneling x7, Zergling x14  
  178  13:22  Nydus Canal  
  185  13:29  Zergling x12  
  183  13:35  Zergling x12  
  183  13:39  Hydralisk x3  
  189  13:41  Hatchery  
  189  13:46  Zergling x20  
  186  13:53  Zergling x18  
  181  13:56  Zergling x4  
  181  13:58  Hydralisk x4  
  181  13:59  Zergling x2  
  181  14:00  Overlord x2  
  181  14:01  Nydus Canal, Overlord  
  192  14:04  Overseer  
  192  14:05  Overseer x2  
  192  14:10  Baneling x4  
  192  14:11  Baneling x24  
  192  14:19  Drone x3  
  192  14:21  Zergling x10  
  198  14:42  Spore Crawler  
  198  14:43  Zergling x8  
  198  14:44  Zergling x20  
  198  14:48  Zergling x22  
  198  14:51  Zergling x12  
  194  14:58  Zergling x18  
  200  15:02  Zergling x2  
  200  15:04  Spire  
  199  15:12  Baneling x7  
  199  15:15  Zergling x2  
  199  15:20  Zergling x4  
  199  15:23  Zergling x8  
Show
View Real Time Build Order
Export as new Build Order

GuMiho Terran 

Build Orders: Liberator Opening, Reaper Expand 

Get SALT Encoding   

  12  0:00  SCV  
  13  0:12  SCV  
  14  0:18  Supply Depot  
  14  0:24  SCV  
  15  0:39  SCV  
  15  0:41  Barracks  
  15  0:42  Refinery  
  16  0:51  SCV  
  17  1:03  SCV  
  18  1:15  SCV  
  19  1:28  Orbital Command, Reaper  
  20  1:38  Command Center  
  20  1:45  Supply Depot  
  20  1:53  SCV  
  21  2:00  Marine  
  22  2:05  SCV  
  23  2:09  Factory  
  23  2:18  SCV, Marine  
  25  2:30  SCV  
  26  2:42  SCV  
  26  2:43  Barracks Reactor  
  27  2:50  Command Center  
  27  2:52  Orbital Command  
  27  2:54  SCV  
  28  2:59  Starport  
  28  3:02  Refinery  
  28  3:06  SCV  
  29  3:18  SCV  
  30  3:23  SCV  
  31  3:30  SCV  
  31  3:33  Hellion x2  
  36  3:35  SCV, Liberator  
  36  3:41  Barracks Tech Lab  
  40  3:42  SCV  
  40  3:47  SCV  
  42  3:54  Hellion x2  
  45  3:57  SCV  
  45  4:00  Stimpack  
  45  4:02  Orbital Command, SCV  
  47  4:07  Barracks  
  47  4:09  SCV  
  48  4:14  SCV  
  48  4:16  Refinery  
  49  4:19  Barracks  
  49  4:21  SCV  
  50  4:29  SCV x2  
  49  4:33  SCV  
  49  4:37  Engineering Bay  
  49  4:38  Engineering Bay  
  48  4:39  Marine  
  48  4:40  Factory Reactor  
  48  4:41  SCV x2  
  48  4:45  SCV  
  52  4:48  Supply Depot  
  52  4:52  Supply Depot  
  52  4:53  SCV  
  52  4:55  SCV  
  52  4:57  Marine  
  52  4:59  Starport Reactor  
  55  5:03  Barracks x2  
  55  5:04  SCV  
  55  5:06  Terran Infantry Weapons Level 1  
  56  5:07  Orbital Command  
  56  5:09  Terran Infantry Armor Level 1  
  56  5:12  Supply Depot  
  56  5:13  Marine x2  
  58  5:15  SCV, Marine  
  58  5:20  SCV  
  61  5:26  Refinery  
  61  5:27  Factory Tech Lab  
  61  5:28  Supply Depot, SCV  
  62  5:30  Marine  
  62  5:32  SCV x2  
  62  5:33  Marine x4  
  69  5:39  Medivac x2  
  69  5:42  Supply Depot, Combat Shield  
  73  5:45  SCV x3  
  76  5:52  Marine x2  
  76  5:53  Marine x2, Barracks Reactor x2  
  80  5:57  SCV x3  
  80  6:00  Supply Depot  
  80  6:01  Siege Tank  
  86  6:04  Supply Depot  
  86  6:07  Marine  
  86  6:09  SCV  
  86  6:10  SCV, Marine x4  
  94  6:11  SCV  
  94  6:22  Factory  
  94  6:24  Armory  
  94  6:25  SCV x3, Marine  
  98  6:28  Marine x4  
  102  6:33  Refinery  
  102  6:36  Marine  
  102  6:37  SCV x3  
  102  6:38  Siege Tank  
  109  6:42  Marine x2  
  109  6:43  Marine  
  109  6:44  Marine  
  109  6:46  Marine x4  
  117  6:55  Marine  
  117  7:01  Supply Depot x3  
  117  7:04  Marine x3  
  117  7:05  Marine x2  
  117  7:11  Marine, Terran Infantry Armor Level 2, Terran Infantry Weapons Level 2  
  117  7:12  Marine x2  
  117  7:13  Siege Tank, Marine  
  117  7:14  SCV x3, Factory Tech Lab  
  116  7:22  Command Center  
  116  7:28  Marine x2  
  116  7:29  Marine, Refinery, Sensor Tower  
  119  7:34  Medivac  
  121  7:37  Medivac  
  121  7:41  Marine x2  
  125  7:47  Siege Tank  
  128  7:52  SCV x3  
  128  7:54  Supply Depot  
  128  7:56  Marine x2  
  138  8:04  SCV, Siege Tank  
  137  8:07  SCV x2, Barracks  
  137  8:08  Terran Vehicle Weapons Level 1  
  137  8:09  Barracks  
  137  8:10  Barracks  
  137  8:11  Supply Depot  
  139  8:13  Supply Depot  
  139  8:15  Supply Depot  
  139  8:17  Supply Depot  
  139  8:19  SCV x2  
  140  8:39  Command Center  
  140  8:40  Siege Tank x2  
  146  8:41  Medivac x2  
  146  8:44  SCV x3  
  153  8:56  Barracks Tech Lab  
  153  8:57  Barracks Tech Lab x2  
  153  8:58  Ghost Academy  
  153  8:59  SCV x2  
  153  9:00  SCV  
  156  9:08  Planetary Fortress  
  156  9:11  SCV x2  
  156  9:12  SCV, Siege Tank x2  
  164  9:21  Refinery  
  164  9:22  Refinery  
  164  9:23  SCV x2  
  166  9:24  SCV  
  166  9:25  Command Center  
  166  9:27  Concussive Shells  
  166  9:28  Marauder x3  
  175  9:31  Marauder  
  175  9:35  SCV  
  175  9:42  Command Center, Sensor Tower  
  175  9:51  Siege Tank x2  
  181  9:53  Terran Infantry Weapons Level 3  
  181  10:02  Terran Infantry Armor Level 3  
  171  10:14  Marine x5, Marauder  
  171  10:15  Marine x2, Marauder x3  
  171  10:16  Marine  
  184  10:26  Siege Tank x2  
  190  10:32  Marine x5  
  190  10:34  Planetary Fortress  
  194  10:36  Marauder x3  
  200  10:48  Orbital Command  
  200  10:59  Fusion Core, Starport x2  
  200  11:01  Command Center x2  
  200  11:06  Terran Vehicle Weapons Level 2  
  200  11:11  Refinery  
  200  11:17  Armory  
  200  11:18  Planetary Fortress  
  200  11:20  Missile Turret  
  200  11:22  Missile Turret  
  200  11:25  Missile Turret  
  200  11:31  Command Center x2  
  200  11:40  Command Center  
  200  11:50  Starport Tech Lab, Starport Reactor  
  200  11:51  Advanced Ballistics  
  192  12:05  Siege Tank x2  
  196  12:11  Ghost x2  
  196  12:12  Missile Turret  
  196  12:13  Missile Turret  
  196  12:14  Missile Turret  
  196  12:15  Missile Turret  
  189  12:45  Viking x2  
  189  12:46  Ghost x3  
  197  12:54  Siege Tank  
  198  12:59  Siege Tank  
  179  13:09  Orbital Command  
  179  13:10  Orbital Command  
  176  13:13  Orbital Command x2  
  176  13:15  Missile Turret, Viking x2  
  180  13:20  Missile Turret  
  180  13:26  Siege Tank  
  182  13:29  Command Center  
  182  13:32  Siege Tank  
  159  13:39  Marine x8  
  153  13:45  Liberator x2  
  153  13:48  Marine x2, Marauder x2  
  133  13:57  Marine x8  
  133  13:58  Siege Tank  
  133  13:59  Liberator x3  
  153  14:04  Siege Tank  
  156  14:22  Ghost x2  
  156  14:23  Missile Turret  
  160  14:25  Missile Turret  
  160  14:30  Siege Tank  
  163  14:32  Liberator x2  
  169  14:43  Siege Tank  
  151  14:50  Ghost x2  
  151  14:51  Ghost  
  132  14:59  Liberator  
  125  15:02  Siege Tank  
  127  15:08  Ghost  
  129  15:15  Siege Tank  
  129  15:21  Ghost  
  133  15:29  Marine x2  
  133  15:30  Marine  
Tags
 
Add a new tag
Caveats
  • Supply blocks, unpowered buildings, or Contaminate may cause inaccurate times.
  • Supply counts are checked every 10 seconds.